AoeStats
← Bongflüsterer

MegaRandom

509596761Analyzed
4v4 RM · 6d ago on Sep 27, 2026· 101m 57s· 8 players
Game mode
Random Map
Map size
Large (8 player)
Population
200
Speed
Normal
Resources
Standard
Victory
Conquest
Starting age
Dark Age
Ending age
Imperial Age
RankedLock teamsTeams togetherTeam positionsShared explorationLock speedFull tech treeHidden civsTurbo modeCheats
Victory
Defeat
🇨🇳 Khmer · China
861
+12
🇨🇳 Teutons · China
860
+12
🇺🇦 Spanish · Ukraine
776
+15
693
+19
🇩🇪 Mongols · Germany
891
-19
🇩🇪 Burgundians · Germany
887
-20
🇩🇪 Hindustanis · Germany
658
-10
🇩🇪 Maya · Germany
629
-9
.,
1:20 Loom
10:20 Feudal Age
12:01 Double-Bit Axe
16:11 Castle Age
15:28 Stone Mining
15:22 Horse Collar
15:55 Gold Mining
24:29 Wheelbarrow
25:38 Bow Saw
25:33 Heavy Plow
31:07 Imperial Age
28:58 Hand Cart
29:05 Hand Cart
29:27 Husbandry
29:37 Bloodlines
29:27 Fletching
29:39 Padded Archer Armor
30:16 Thumb Ring
32:17 Masonry
33:09 Chemistry
32:30 Ballistics
32:11 Bodkin Arrow
32:32 Leather Archer Armor
32:28 Forging
32:18 Scale Mail Armor
32:24 Scale Barding Armor
32:54 Conscription
33:11 Elite Mangudai
35:43 Bracer
36:18 Iron Casting
39:16 Blast Furnace
38:31 Chain Mail Armor
38:40 Chain Barding Armor
39:11 Cavalier
39:13 Light Cavalry
40:26 Parthian Tactics
41:18 Hussar
42:28 Caravan
46:38 Plate Mail Armor
56:01 Onager
59:00 Siege Onager
89:42 Drill
Bongflüsterer
0:52 Loom
13:26 Feudal Age
15:39 Double-Bit Axe
15:36 Horse Collar
21:40 Castle Age
20:23 Gold Mining
21:26 Wheelbarrow
22:31 Heavy Plow
24:01 Hand Cart
24:20 Stone Mining
25:17 Gold Shaft Mining
26:26 Bow Saw
34:25 Imperial Age
32:12 Padded Archer Armor
32:13 Scale Mail Armor
32:18 Scale Barding Armor
32:24 Forging
32:05 Fletching
32:19 Husbandry
33:08 Stone Shaft Mining
34:00 Chain Mail Armor
34:01 Leather Archer Armor
36:54 Chemistry
37:02 Two-Man Saw
37:37 Ballistics
39:35 Conscription
38:48 Elite Ghulam
39:31 Grand Trunk Road
40:04 Bodkin Arrow
42:47 Iron Casting
42:30 Squires
41:50 Pikeman
46:26 Heavy Camel Rider
49:25 Imperial Camel Rider
50:41 Caravan
70:19 Chain Barding Armor
71:12 Ring Archer Armor
70:43 Bracer
75:46 Plate Barding Armor
78:17 Blast Furnace
76:55 Light Cavalry
85:03 Onager
phet
0:54 Loom
11:39 Feudal Age
14:20 Wheelbarrow
14:13 Double-Bit Axe
14:24 Gold Mining
14:26 Stone Mining
26:40 Castle Age
28:01 Hand Cart
28:35 Stone Shaft Mining
28:12 Bow Saw
27:45 Horse Collar
30:43 Ballistics
30:14 Heated Shot
30:05 Treadmill Crane
30:40 Padded Archer Armor
30:30 Fletching
31:18 Masonry
31:19 Fortified Wall
31:35 Elite Skirmisher
34:01 Leather Archer Armor
33:42 Bodkin Arrow
36:34 Heavy Plow
39:21 Caravan
39:52 Coinage
42:04 Imperial Age
41:49 Hul'che Javelineers
43:49 Chemistry
43:21 Architecture
44:44 Two-Man Saw
44:36 Crop Rotation
44:42 Ring Archer Armor
44:24 Forging
44:15 Scale Mail Armor
44:24 Bracer
45:45 Banking
45:25 Guilds
46:54 Arson
46:30 Eagle Warrior
47:11 Squires
48:32 Forging
48:22 Scale Mail Armor
48:58 Elite Eagle Warrior
49:00 Pikeman
52:16 Iron Casting
51:56 Chain Mail Armor
64:55 Iron Casting
65:38 Chain Mail Armor
65:06 Halberdier
66:52 Blast Furnace
74:11 Plate Mail Armor
87:27 Atonement
87:41 Fervor
87:47 Block Printing
87:32 Devotion
jahchild
11:08 Feudal Age
10:22 Horse Collar
10:30 Double-Bit Axe
12:19 Bow Saw
13:36 Wheelbarrow
14:06 Gold Mining
16:05 Gold Shaft Mining
15:46 Heavy Plow
23:51 Castle Age
21:50 Stone Mining
23:10 Forging
23:06 Scale Barding Armor
22:52 Fletching
23:05 Scale Mail Armor
25:08 Stone Shaft Mining
24:05 Cavalier
24:46 Husbandry
25:50 Chain Barding Armor
29:21 Iron Casting
30:10 Pikeman
30:51 Squires
36:21 Imperial Age
37:25 Conscription
39:17 Chemistry
38:31 Masonry
38:10 Arrowslits
38:31 Caravan
42:35 Elite Coustillier
48:13 Plate Barding Armor
49:39 Onager
50:00 Halberdier
50:27 Arson
52:36 Blast Furnace
51:54 Chain Mail Armor
89:19 Hand Cart
101:04 Two-Man Saw
Buffy the Empire Slayer
0:52 Loom
12:57 Feudal Age
14:50 Horse Collar
19:37 Man-at-Arms
22:44 Castle Age
22:20 Stone Mining
22:38 Town Watch
23:34 Wheelbarrow
25:48 Town Patrol
26:04 Hand Cart
25:59 Light Cavalry
26:10 Elite Skirmisher
33:23 Pikeman
33:49 Arson
38:20 Imperial Age
36:37 Thumb Ring
38:46 Fletching
38:56 Scale Mail Armor
40:23 Murder Holes
40:40 Fortified Wall
41:32 Chemistry
40:19 Crossbowman
41:18 Halberdier
41:46 Gambesons
41:21 Long Swordsman
45:38 Conscription
44:49 Cavalier
45:30 Husbandry
47:43 Bloodlines
63:49 Two-Handed Swordsman
64:56 Capped Ram
RL1
0:42 Loom
13:07 Feudal Age
13:51 Double-Bit Axe
14:43 Wheelbarrow
13:51 Horse Collar
14:06 Gold Mining
15:10 Stone Mining
19:36 Town Watch
24:51 Castle Age
23:11 Forging
24:00 Scale Barding Armor
23:46 Fletching
24:25 Bloodlines
25:45 Heavy Plow
25:58 Bow Saw
26:27 Stone Shaft Mining
26:21 Hand Cart
31:41 Husbandry
33:43 Bodkin Arrow
34:09 Chain Barding Armor
52:50 Coinage
53:02 Caravan
58:26 Imperial Age
57:04 Iron Casting
56:29 Padded Archer Armor
56:30 Scale Mail Armor
56:53 Murder Holes
57:09 Masonry
57:11 Fortified Wall
58:41 Leather Archer Armor
59:45 Plate Barding Armor
59:10 Bracer
60:11 Blast Furnace
59:02 Arrowslits
60:18 Chemistry
59:38 Ballistics
59:50 Architecture
60:26 Two-Man Saw
59:00 Cavalier
60:21 Guilds
60:50 Banking
63:26 Paladin
65:15 Ring Archer Armor
65:01 Chain Mail Armor
66:27 Pikeman
67:08 Squires
66:55 Arson
67:38 Gambesons
68:30 Plate Mail Armor
67:33 Halberdier
68:07 Capped Ram
69:33 Town Patrol
72:55 Siege Ram
76:26 Supremacy
76:26 Conscription
75:37 Sappers
75:28 Elite Conquistador
80:08 Inquisition
93:07 Hoardings
咖喱棒
2:51 Loom
12:49 Feudal Age
18:29 Horse Collar
21:43 Castle Age
20:07 Gold Mining
20:05 Double-Bit Axe
20:12 Stone Mining
23:05 Heavy Plow
23:18 Bow Saw
23:27 Town Watch
24:10 Forging
30:07 Imperial Age
28:04 Scale Barding Armor
29:42 Wheelbarrow
29:01 Pikeman
30:20 Iron Casting
30:24 Squires
31:20 Hand Cart
31:44 Crop Rotation
33:14 Two-Man Saw
34:38 Blast Furnace
33:40 Scale Mail Armor
34:54 Conscription
34:51 Halberdier
36:03 Fortified Wall
37:27 Caravan
39:33 Ironclad
40:09 Ballistics
39:36 Cavalier
39:57 Elite Teutonic Knight
41:15 Capped Ram
43:21 Bloodlines
43:36 Chain Mail Armor
43:42 Chain Barding Armor
44:55 Paladin
46:18 Plate Mail Armor
46:25 Plate Barding Armor
46:10 Arson
50:59 Fletching
53:56 Hoardings
75:46 Elite Skirmisher
78:50 Onager
79:39 Siege Engineers
79:44 Masonry
80:36 Chemistry
84:42 Bodkin Arrow
84:47 Padded Archer Armor
98:26 Devotion
星玖
13:29 Feudal Age
11:50 Loom
17:13 Castle Age
16:42 Double-Bit Axe
16:39 Horse Collar
18:14 Stone Mining
25:53 Gold Mining
26:37 Heavy Plow
27:51 Wheelbarrow
28:56 Stone Shaft Mining
29:01 Hand Cart
29:30 Gold Shaft Mining
29:08 Bow Saw
29:43 Caravan
32:31 Imperial Age
31:23 Husbandry
31:34 Bloodlines
31:33 Fletching
31:49 Scale Barding Armor
32:10 Bodkin Arrow
32:38 Ballistics
32:29 Fortified Wall
33:09 Tusk Swords
33:14 Bracer
33:36 Conscription
33:18 Double Crossbow
34:21 Chemistry
33:52 Chain Barding Armor
34:33 Siege Engineers
35:24 Plate Barding Armor
35:02 Elite Ballista Elephant
38:18 Crop Rotation
40:26 Devotion
46:01 Masonry
63:28 Architecture
100:01 Coinage
Connection lost

Rejoining the realm…

Still unreachable

The connection could not be restored.

Session expired

The server has moved on; the page needs a fresh start.